 Dungeon Crawl Stone Soup version 0.31-a0-185-g9dded2c639 (webtiles) character file.

Game seed: 7744284306048033483

44 qw the Shooter (level 3, -5/20 HPs)
             Began as a Deep Elf Hunter on June 22, 2023.
             Slain by a gnoll
             ... wielding a +0 halberd
              (7 damage)
             ... on level 2 of the Dungeon.
             The game lasted 00:00:18 (727 turns).

qw the Shooter (Deep Elf Hunter)                     Turns: 727, Time: 00:00:19

Health: -5/20      AC:  5    Str: 10    XL:     3   Next: 39%
Magic:  5/5        EV: 12    Int: 13    God:
Gold:   32         SH:  0    Dex: 18    Spells: 2/2 levels left

rFire   . . .        b - +0 orcbow
rCold   . . .        (shield currently unavailable)
rNeg    . . .        c - +0 leather armour
rPois   .            g - +0 helmet
rElec   .            (no cloak)
rCorr   .            (no gloves)
SInv    .            m - +0 pair of boots
Will    .....        (no amulet)
Stlth   ++           (no ring)
HPRegen 0.23/turn    (no ring)
MPRegen 0.09/turn

%: no passive effects
@: no status effects
A: no striking features
a: no special abilities


You were on level 2 of the Dungeon.
You visited 1 branch of the dungeon, and saw 2 of its levels.

You collected 32 gold pieces.


   Skills:
 - Level 1.5 Fighting
 + Level 7.0 Ranged Weapons
 - Level 2.4 Dodging
 - Level 1.2 Stealth


You had 2 spell levels left.
You didn't know any spells.
Your spell library was empty.

Inventory:

Hand Weapons
 b - a +0 orcbow (weapon)
Armour
 a - a +0 ring mail
 c - a +0 leather armour (worn)
 g - a +0 helmet (worn)
 m - a +0 pair of boots (worn)
Scrolls
 d - a scroll of enchant weapon {unknown}
Potions
 e - a potion of haste {unknown}
 f - a potion of heal wounds {unknown}
 h - a potion of curing {unknown}
 l - a potion of lignification {unknown}

Dungeon Overview and Level Annotations

Branches:
Dungeon (2/15)

Altars:

Shops:
D:1 ?


Message History

You shoot an arrow. The arrow hits the giant cockroach!
You kill the giant cockroach!
You see here a giant cockroach corpse.
A hobgoblin comes into view. It is wielding a +0 whip.
The hobgoblin moves out of view.
Enter note:
Enter note:
Enter note: A gnoll comes into view. It is wielding a +0 halberd.
The gnoll shouts!
You hear a shout!
A gnoll comes into view. It is wielding a +0 spear.
A gnoll comes into view. It is wielding a +0 whip.
You shoot an arrow. The arrow barely misses the gnoll.
The gnoll shouts!
The arrow hits the gnoll!
The gnoll is severely wounded.
A gnoll comes into view. It is wielding a +0 spear.
You shoot an arrow. The arrow hits the gnoll.
The gnoll is lightly wounded.
You shoot an arrow.
The arrow hits the gnoll but does no damage.
The gnoll is lightly wounded.
You shoot an arrow. The arrow barely misses the gnoll.
The arrow hits the gnoll!
You kill the gnoll!
The gnoll throws a throwing net.
The throwing net hits you.
You become entangled in the net!
Your Ranged Weapons skill increases to level 7!
You tear a large gash into the net.
You struggle against the net.
The gnoll hits you from afar with a +0 spear.
The gnoll hits you from afar with a +0 halberd!
Ouch! That really hurt!
You struggle against the net.
The gnoll barely misses you.
The gnoll hits you from afar with a +0 halberd.
You rip the net and break free!
The hobgoblin shouts!
The gnoll hits you but does no damage.
The gnoll hits you from afar with a +0 halberd!
You die...

.. .........
.^.#####..g.....
.............).........
#.....................
#.......?...............
#.......gg..............
#........g.# #...##....
#......@...# #...##....
#..........####...##....
#.................##....
#.................##....
#...........%...(......#
#.........#####.........
#.........#####.........
#............<.......#%.
######.........)........


You could see 3 gnolls and a hobgoblin.

Vanquished Creatures
  A gnoll (D:2)
  An adder (D:2)
  A worm (D:2)
  A ball python (D:1)
  2 endoplasms (D:1)
  A giant cockroach (D:2)
  3 goblins
  3 hobgoblins (D:1)
  2 bats
  A frilled lizard (D:1)
  2 kobolds (D:1)
  4 rats (D:1)
22 creatures vanquished.

Notes
Turn   | Place    | Note
-------+----------+-------------------------------------------
     0 | D:1      | qw the Deep Elf Hunter began the quest for the Orb.
     0 | D:1      | Reached XP level 1. HP: 12/12 MP: 3/3
     0 | D:1      | 0 ||| qw: Version: 0.3-a-9-g12657ce
     0 | D:1      | 0 ||| qw: Game counter: 1784
     0 | D:1      | 0 ||| qw: Always use a shield: true
     0 | D:1      | 0 ||| qw: God list: Okawaru
     0 | D:1      | 0 ||| qw: Allow faded altars: false
     0 | D:1      | 0 ||| qw: Do Orc after D:15 true
     0 | D:1      | 0 ||| qw: Do second Lair branch before Depths: true
     0 | D:1      | 0 ||| qw: Lair rune preference: random
     0 | D:1      | 0 ||| qw: Plans: Normal
     0 | D:1      | 0 ||| PLANNING D:1-11
   185 | D:1      | Reached XP level 2. HP: 16/16 MP: 4/4
   210 | D:1      | Reached skill level 6 in Ranged Weapons
   455 | D:1      | Found Wefaic's Magic Scroll Boutique.
   462 | D:1      | 462 ||| SHOPLISTING 3 scrolls of identify (66 gold, have
                  | 17).
   462 | D:1      | 462 ||| SHOPLISTING scroll of identify (22 gold, have 17).
   462 | D:1      | 462 ||| SHOPLISTING scroll of teleportation (33 gold, have
                  | 17).
   571 | D:1      | 571 ||| UPGRADING to +0 helmet.
   576 | D:1      | 576 ||| UPGRADING to +0 pair of boots.
   581 | D:1      | 581 ||| READING scroll labelled COENUE WAODGHUDGH.
   585 | D:1      | 585 ||| READING scroll labelled VAEFIUDW TAOCK.
   586 | D:1      | 586 ||| READING scroll labelled ETHRAM SAEJAL.
   587 | D:1      | 587 ||| READING scroll labelled ZOKHLOE XUADOOST.
   588 | D:1      | 588 ||| DROPPING scroll of butterflies.
   687 | D:2      | Reached XP level 3. HP: 20/20 MP: 5/5
   702 | D:2      | 702 ||| SWAPPING to +0 orcbow.
   703 | D:2      | 703 ||| DROPPING +0 shortbow.
   724 | D:2      | Reached skill level 7 in Ranged Weapons
   726 | D:2      | HP: 2/20 [gnoll/+0 halberd (6)]
   727 | D:2      | Slain by a gnoll

Levels and vault maps discovered:
D:1:      wander_arrival_desolate, layout_loops_cross, serial_shops, shop,
          hex_tiny, minmay_tetromino_s2
D:2:      layout_basic, minmay_lizard_king, uniq_robin

Skill      XL: |  1  2  3 |
---------------+----------+-----
Ranged Weapons | 6 7 |  7.0
Fighting       | |  1.5
Dodging        | |  2.4
Stealth        | |  1.2

Action                     || total
---------------------------++-------
   Fire: Shortbow          ||    52
         Orcbow            ||     7
    Use: Scroll            ||     4
 Armour: Leather armour    ||     3
  Dodge: Dodged            ||     5

Table legend:
 A = Non-vault XP
 B = Vault XP
 C = Vault XP percentage of total XP
 D = Non-vault monster count
 E = Vault monster count
 F = Vault count percentage of total count
                 A         B        C        D         E       F
            +---------+---------+-------+---------+---------+-------
      Total |      60 |       3 |   4.8 |      20 |       2 |   9.1
            +---------+---------+-------+---------+---------+-------
        D:1 |      22 |       3 |  12.0 |      14 |       2 |  12.5
        D:2 |      38 |       0 |   0.0 |       6 |       0 |   0.0
            +---------+---------+-------+---------+---------+-------
